 Dungeon Crawl Stone Soup version 0.29-a0-338-g1ff7896281 (webtiles) character file.

Game seed: 1558780886852182636

1048 spaghetti the Insei (level 8, -8/60 HPs)
             Began as a Gnoll Transmuter on Apr 18, 2022.
             Was a Priest of Uskayaw.
             Mangled by a gnoll
             ... wielding a +0 halberd
              (10 damage)
             ... on level 6 of the Dungeon.
             The game lasted 00:06:35 (5157 turns).

spaghetti the Insei (Gnoll Transmuter)              Turns: 5157, Time: 00:06:35

Health: -8/60      AC:  3    Str: 10    XL:     8   Next: 25%
Magic:  16/16      EV: 15    Int: 12    God:    Uskayaw [***...]
Gold:   285        SH:  0    Dex: 18    Spells: 12/18 levels left

rFire   . . .      SeeInvis .   l - +7 dagger "Worm" {vamp, Will++ Dex+3, short}
rCold   . . .      Faith    .   (no shield)
rNeg    . . .      Spirit   .   a - +1 robe
rPois   .          Reflect  .   (no helmet)
rElec   .          Harm     .   (no cloak)
rCorr   .          Rampage  .   (no gloves)
Will    ++...                   (no boots)
Stlth   ++........              (no amulet)
HPRegen 0.20/turn               (no ring)
MPRegen 0.15/turn               (no ring)

@: flying
A: fangs 1, strong nose, distributed training
a: Renounce Religion, Stomp, Line Pass


You were on level 6 of the Dungeon.
You worshipped Uskayaw.
Uskayaw was noncommittal.
You visited 1 branch of the dungeon, and saw 6 of its levels.

You collected 285 gold pieces.


Innate Abilities, Weirdness & Mutations

You have very sharp teeth.
Your uncanny sense of smell can sniff out nearby items.
Your experience applies equally to all skills.


   Skills:
 + Level 4.1 Fighting
 + Level 3.1 Short Blades
 + Level 3.1 Long Blades
 + Level 3.1 Axes
 + Level 3.1 Maces & Flails
 + Level 3.1 Polearms
 + Level 3.1 Staves
 + Level 3.1 Slings
 + Level 3.1 Bows
 + Level 3.1 Crossbows
 + Level 3.1 Throwing
 + Level 3.1 Armour
 + Level 5.6 Dodging
 + Level 3.1 Stealth
 + Level 3.1 Shields
 + Level 7.3 Unarmed Combat
 + Level 5.9 Spellcasting
 + Level 2.5 Conjurations
 + Level 2.5 Hexes
 + Level 2.5 Summonings
 + Level 2.5 Necromancy
 + Level 2.5 Translocations
 + Level 4.6 Transmutations
 + Level 2.5 Fire Magic
 + Level 2.5 Ice Magic
 + Level 2.5 Air Magic
 + Level 2.5 Earth Magic
 + Level 2.5 Poison Magic
 + Level 3.4 Invocations
 + Level 3.1 Evocations


You had 12 spell levels left.
You knew the following spells:

 Your Spells              Type           Power      Damage    Failure   Level
a - Beastly Appendage     Tmut           28%        N/A       2%          1
b - Wereblood             Tmut           14%        N/A       4%          2
c - Spider Form           Tmut/Pois      12%        N/A       13%         3

Your spell library contained the following spells:

 Spells                   Type           Power      Damage    Failure   Level
 Freeze                   Ice            36%        1d6       6%          1
 Corpse Rot               Necr/Air       18%        N/A       10%         2
 Frozen Ramparts          Ice            18%        1d3       19%         3
 Ice Form                 Ice/Tmut       12%        N/A       38%         4
 Dispel Undead            Necr           9%         3d8       54%         4
 Hailstorm                Conj/Ice       9%         3d4       54%         4
 Death Channel            Necr           4%         N/A       100%        6

Inventory:

Hand Weapons
 j - a +2 vampiric dagger {short}
   (You took it off a goblin on level 1 of the Dungeon)
 l - the +7 dagger "Worm" (weapon) {vamp, Will++ Dex+3, short}
   (You found it on level 3 of the Dungeon)

   It occasionally heals its wielder for a portion of the damage dealt when it
   wounds a living foe.
   Dex:       It affects your dexterity (+3).
   Will:      It greatly increases your willpower.
Missiles
 e - 192 stones (quivered) {throwing}
 m - 13 poisoned darts {throwing}
 s - a throwing net {=f!fthrowing}
 v - 3 silver boomerangs {throwing}
Armour
 a - a +1 robe (worn)
Jewellery
 x - a ring of protection from cold
   (You found it on level 6 of the Dungeon)
Wands
 p - a wand of digging (6)
   (You took it off Jessica on level 3 of the Dungeon)
 t - a wand of iceblast (15)
   (You found it on level 4 of the Dungeon)
Scrolls
 f - 2 scrolls of enchant armour
 g - 9 scrolls of identify {unknown}
 k - 4 scrolls of teleportation {unknown}
 n - a scroll of blinking {unknown}
 o - 3 scrolls of fog {unknown}
 q - 2 scrolls of torment {unknown}
 u - a scroll of magic mapping {unknown}
 y - a scroll of vulnerability {unknown}
Potions
 b - a potion of lignification {!q}
 d - a potion of degeneration {unknown}
 h - 2 potions of heal wounds {unknown}
 i - a potion of curing {unknown}
 r - 2 potions of attraction {unknown}
 w - a potion of mutation {unknown}

Dungeon Overview and Level Annotations

Branches:
Dungeon (6/15)             Temple (0/1) D:5

Altars:
Gozag
Okawaru
Sif Muna
Uskayaw
Xom
Zin

Shops:
D:1 ( D:5

: ####### #####
#>..... ....
....... ..#
....... #.#
......g######.#
....((gg@()(..####
......g##........#
....... #........#
....... #...<....#
....... #........#
####### #........#
#####...##
#.#.#### #.#....#


You could see a gnoll sergeant and 3 gnolls.


Message History

You are too injured to fight recklessly!
You are too injured to fight recklessly!
You are too injured to fight recklessly!
You are too injured to fight recklessly!
You are too injured to fight recklessly!
You are too injured to fight recklessly!
You are too injured to fight recklessly!
You are too injured to fight recklessly!
You are too injured to fight recklessly!
You are too injured to fight recklessly!
You are too injured to fight recklessly!
You are too injured to fight recklessly!
You are too injured to fight recklessly!
You are too injured to fight recklessly!
Unknown command.
The gnoll shouts!
You hit the gnoll.
You feel better.
You kill the gnoll!
A gnoll comes into view. It is wielding a +0 club. 😕 HP[+1]
An iguana comes into view.
Things that are here:
a +0 club {mace}; a stone {throwing} A gnoll sergeant and a gnoll come into view.
The gnoll shouts!
The iguana hisses angrily.
The gnoll sergeant shouts!
The gnoll moves out of view.
You see here a stone {throwing}.
You are too injured to fight recklessly!
You are too injured to fight recklessly!
You are too injured to fight recklessly!
You are too injured to fight recklessly!
You hit the gnoll.
You feel better.
You punch the gnoll!
You can now pass through a line of other dancers. 😕 HP[+4]
You regained 4 hp, and now have 58/60 hp.
You hit the gnoll.
You feel better.
You kill the gnoll! 😕 HP[+1]
Found a stone staircase leading down.
The iguana closely misses you. The gnoll closely misses you.
Things that are here:
a +0 flail {mace}; 2 stones {throwing}; a gnoll corpse You hit the iguana.
The iguana bites you!
The gnoll hits you from afar with a +0 halberd. 😕 HP[-10]
You take 10 damage, and now have 49/60 hp.
You hit the iguana but do no damage. You punch the iguana.
The iguana closely misses you. The gnoll barely misses you.
The gnoll sergeant misses you.
You hit the iguana but do no damage. Your bite misses the iguana.
The iguana barely misses you.
The gnoll sergeant hits you from afar with a +0 spear!
The gnoll hits you but does no damage. 😮 HP[-10]
You take 10 damage, and now have 39/60 hp.
You hit the iguana.
You feel better. The gnoll sergeant closely misses you.
The iguana closely misses you. The gnoll misses you.
Uskayaw will force your foes to helplessly watch your dance.
Uskayaw prepares the audience for your solo! 😮 HP[+3]
You regained 3 hp, and now have 42/60 hp.
The helpless iguana fails to defend itself.
You impale the iguana!!
You feel better.
You kill the iguana!
The gnoll sergeant is no longer paralysed. 😮 HP[+1]
The gnoll is no longer paralysed. x3; The gnoll sergeant closely misses you.
The gnoll closely misses you. The gnoll hits you but does no damage.
You hit the gnoll.
You feel better.
The gnoll sergeant hits you with a +0 spear!
The gnoll barely misses you. The gnoll hits you with a +0 halberd!
* * * LOW HITPOINT WARNING * * *
😨 HP[-18]
You take 18 damage, and now have 25/60 hp.
MASSIVE DAMAGE!! (PAUSE)
The gnoll sergeant completely misses you.
The gnoll misses you.
Things that are here:
a +0 flail {mace}; 2 stones {throwing}; a gnoll corpse You closely miss the gnoll.
The gnoll sergeant completely misses you.
The gnoll misses you. The gnoll hits you but does no damage.
You hit the gnoll.
The gnoll sergeant hits you from afar with a +0 spear!
* * * LOW HITPOINT WARNING * * *
The gnoll hits you with a +0 club.
* * * LOW HITPOINT WARNING * * *
The gnoll closely misses you. 😱 HP[-12]
You take 12 damage, and now have 13/60 hp.
Unknown command.
Okay, then.
Okay, then.
It was a potion of flight.
You feel very buoyant.
You fly up into the air.
The gnoll sergeant hits you from afar with a +0 spear!
* * * LOW HITPOINT WARNING * * *
The gnoll hits you from afar with a +0 halberd!
You die...

Skill      XL: |  1  2  3  4  5  6  7  8 |
---------------+-------------------------+-----
Spellcasting   | 5 |  5.9
Invocations    | 1 2 3 |  3.4
Short Blades   | 1 2 3 |  3.1
Long Blades    | 1 2 3 |  3.1
Axes           | 1 2 3 |  3.1
Maces & Flails | 1 2 3 |  3.1
Polearms       | 1 2 3 |  3.1
Staves         | 1 2 3 |  3.1
Slings         | 1 2 3 |  3.1
Bows           | 1 2 3 |  3.1
Crossbows      | 1 2 3 |  3.1
Throwing       | 1 2 3 |  3.1
Armour         | 1 2 3 |  3.1
Stealth        | 1 2 3 |  3.1
Shields        | 1 2 3 |  3.1
Evocations     | 1 2 3 |  3.1
Conjurations   | 1 2 |  2.5
Hexes          | 1 2 |  2.5
Summonings     | 1 2 |  2.5
Necromancy     | 1 2 |  2.5
Translocations | 1 2 |  2.5
Fire Magic     | 1 2 |  2.5
Ice Magic      | 1 2 |  2.5
Air Magic      | 1 2 |  2.5
Earth Magic    | 1 2 |  2.5
Poison Magic   | 1 2 |  2.5
Fighting       | 3 4 |  4.1
Transmutations | 4 |  4.6
Dodging        | 5 |  5.6
Unarmed Combat | 7 |  7.3

Action                   |  1- 3 |  4- 6 |  7- 9 || total
-------------------------+-------+-------+-------++-------
Melee: Unarmed           |    57 |       |       ||    57
       Bite              |     9 |    12 |    10 ||    31
       Punch             |     4 |     3 |     8 ||    15
       Dagger            |    52 |   102 |    92 ||   246
Throw: Stone             |     6 |    55 |    22 ||    83
 Cast: Wereblood         |       |     5 |     1 ||     6
Invok: Stomp             |       |     1 |       ||     1
       Line Pass         |       |     1 |       ||     1
  Use: Scroll            |     3 |       |       ||     3
       Potion            |       |       |     1 ||     1
 Stab: Sleeping          |     2 |     2 |     4 ||     8
       Paralysed         |       |     1 |     4 ||     5
Armor: Robe              |    18 |    11 |     7 ||    36
Dodge: Dodged            |    82 |    52 |    62 ||   196

Levels and vault maps discovered:
D:1:      dpeg_arrival_rooms_b, layout_loops_ring, serial_shops,
          nicolae_shop_advertising_works [nicolae_subvault_shop_adworks],
          serial_co_window_serial, co_window_paths_a, co_window_paths_b,
          co_window_corner_a, co_window_paths_a, co_window_paths_a,
          co_window_paths_b, co_window_corner_a, co_window_paths_c,
          co_window_broadway_c, co_window_cross_2, co_window_unsneaky_path_c,
          co_window_paths_c, co_window_corner_cb, glass_columns_c,
          glass_columns_b, glass_columns_b, minmay_pentomino_p2
D:2:      layout_basic, dreamdust_ecumenical_altar_angels_and_demons,
          grunt_ministairs_8
D:3:      layout_basic, nicolae_uskayaw_murder_on_the_dancefloor, uniq_jessica
D:4:      minmay_thinvault, layout_gridville
D:5:      layout_loops_ring, mainiacjoe_overflow_concentric_impassable,
          mainiacjoe_overflow_surrounded_room, mainiacjoe_overflow_big_doors,
          minmay_temple_entry_mini_moons, serial_shops, shop
D:6:      layout_basic, grunt_gozag_breadcrumbs

Notes
Turn   | Place    | Note
-------+----------+-------------------------------------------
     0 | D:1      | spaghetti the Gnoll Transmuter began the quest for the Orb.
     0 | D:1      | Reached XP level 1. HP: 17/17 MP: 6/6
     0 | D:1      | magus.rc [v1.9.6]
   227 | D:1      | Reached XP level 2. HP: 22/23 MP: 7/7
   677 | D:1      | Reached XP level 3. HP: 28/28 MP: 9/9
   713 | D:1      | Found Gyvudwis's Weapon Emporium.
   721 | D:1      | Reached skill level 5 in Spellcasting
  1205 | D:1      | Learned a level 2 spell: Wereblood
  1209 | D:1      | Learned a level 3 spell: Spider Form
  1253 | D:1      | You pick up a book of Frost and begin reading...
  1253 | D:1      | You add the spells Freeze, Frozen Ramparts and Hailstorm to
                  | your library.
  1446 | D:2      | Reached skill level 1 in Invocations
  1571 | D:2      | Reached skill level 1 in Short Blades
  1571 | D:2      | Reached skill level 1 in Long Blades
  1571 | D:2      | Reached skill level 1 in Axes
  1571 | D:2      | Reached skill level 1 in Maces & Flails
  1571 | D:2      | Reached skill level 1 in Polearms
  1571 | D:2      | Reached skill level 1 in Staves
  1571 | D:2      | Reached skill level 1 in Slings
  1571 | D:2      | Reached skill level 1 in Bows
  1571 | D:2      | Reached skill level 1 in Crossbows
  1571 | D:2      | Reached skill level 1 in Throwing
  1571 | D:2      | Reached skill level 1 in Armour
  1571 | D:2      | Reached skill level 1 in Stealth
  1571 | D:2      | Reached skill level 1 in Shields
  1571 | D:2      | Reached skill level 1 in Evocations
  1770 | D:2      | Reached XP level 4. HP: 34/34 MP: 11/11
  1904 | D:2      | Found a faded altar of an unknown god.
  2426 | D:3      | Identified the +7 dagger "Worm" {vamp, Will++ Dex+3}
  2464 | D:3      | Found a hide-covered altar of Uskayaw.
  2479 | D:3      | Became a worshipper of Uskayaw the Reveller
  2510 | D:3      | Reached * piety under Uskayaw
  2751 | D:3      | Noticed Jessica
  2761 | D:3      | Killed Jessica
  2761 | D:3      | Reached ** piety under Uskayaw
  2762 | D:3      | Reached skill level 1 in Conjurations
  2762 | D:3      | Reached skill level 1 in Hexes
  2762 | D:3      | Reached skill level 1 in Summonings
  2762 | D:3      | Reached skill level 1 in Necromancy
  2762 | D:3      | Reached skill level 1 in Translocations
  2762 | D:3      | Reached skill level 1 in Fire Magic
  2762 | D:3      | Reached skill level 1 in Ice Magic
  2762 | D:3      | Reached skill level 1 in Air Magic
  2762 | D:3      | Reached skill level 1 in Earth Magic
  2762 | D:3      | Reached skill level 1 in Poison Magic
  3332 | D:4      | Reached *** piety under Uskayaw
  3333 | D:4      | Reached XP level 5. HP: 40/40 MP: 10/12
  3355 | D:4      | Reached skill level 3 in Fighting
  3467 | D:4      | Reached skill level 4 in Transmutations
  3490 | D:4      | Noticed a black bear
  3498 | D:4      | Killed a black bear
  3499 | D:4      | Reached skill level 2 in Invocations
  3499 | D:4      | Reached XP level 6. HP: 46/47 MP: 14/14
  3594 | D:4      | Reached skill level 5 in Dodging
  3603 | D:4      | Reached **** piety under Uskayaw
  3605 | D:4      | Reached skill level 2 in Short Blades
  3605 | D:4      | Reached skill level 2 in Long Blades
  3605 | D:4      | Reached skill level 2 in Axes
  3605 | D:4      | Reached skill level 2 in Maces & Flails
  3605 | D:4      | Reached skill level 2 in Polearms
  3605 | D:4      | Reached skill level 2 in Staves
  3605 | D:4      | Reached skill level 2 in Slings
  3605 | D:4      | Reached skill level 2 in Bows
  3605 | D:4      | Reached skill level 2 in Crossbows
  3605 | D:4      | Reached skill level 2 in Throwing
  3605 | D:4      | Reached skill level 2 in Armour
  3605 | D:4      | Reached skill level 2 in Stealth
  3605 | D:4      | Reached skill level 2 in Shields
  3605 | D:4      | Reached skill level 2 in Evocations
  3894 | D:4      | You pick up a book of Decay and begin reading...
  3894 | D:4      | You add the spells Corpse Rot, Dispel Undead and Death
                  | Channel to your library.
  3967 | D:4      | Reached XP level 7. HP: 51/52 MP: 11/15
  4013 | D:4      | Reached skill level 7 in Unarmed Combat
  4334 | D:4      | Reached skill level 2 in Conjurations
  4334 | D:4      | Reached skill level 2 in Hexes
  4334 | D:4      | Reached skill level 2 in Summonings
  4334 | D:4      | Reached skill level 2 in Necromancy
  4334 | D:4      | Reached skill level 2 in Translocations
  4334 | D:4      | Reached skill level 2 in Fire Magic
  4334 | D:4      | Reached skill level 2 in Ice Magic
  4334 | D:4      | Reached skill level 2 in Air Magic
  4334 | D:4      | Reached skill level 2 in Earth Magic
  4334 | D:4      | Reached skill level 2 in Poison Magic
  4414 | D:5      | Entered Level 5 of the Dungeon
  4432 | D:5      | Reached ***** piety under Uskayaw
  4445 | D:5      | Reached skill level 3 in Invocations
  4450 | D:5      | Reached ****** piety under Uskayaw
  4457 | D:5      | Reached XP level 8. HP: 60/60 MP: 16/16
  4479 | D:5      | Found an iron altar of Okawaru.
  4481 | D:5      | Found a glowing silver altar of Zin.
  4605 | D:5      | Found a staircase to the Ecumenical Temple.
  4632 | D:5      | Found Taileg's Book Boutique.
  4811 | D:5      | Reached skill level 4 in Fighting
  4901 | D:5      | Found a shimmering blue altar of Sif Muna.
  4908 | D:5      | Found a shimmering altar of Xom.
  4995 | D:6      | Found an opulent altar of Gozag.
  5064 | D:6      | Reached skill level 3 in Short Blades
  5064 | D:6      | Reached skill level 3 in Long Blades
  5064 | D:6      | Reached skill level 3 in Axes
  5064 | D:6      | Reached skill level 3 in Maces & Flails
  5064 | D:6      | Reached skill level 3 in Polearms
  5064 | D:6      | Reached skill level 3 in Staves
  5064 | D:6      | Reached skill level 3 in Slings
  5064 | D:6      | Reached skill level 3 in Bows
  5064 | D:6      | Reached skill level 3 in Crossbows
  5064 | D:6      | Reached skill level 3 in Throwing
  5064 | D:6      | Reached skill level 3 in Armour
  5064 | D:6      | Reached skill level 3 in Stealth
  5064 | D:6      | Reached skill level 3 in Shields
  5064 | D:6      | Reached skill level 3 in Evocations
  5156 | D:6      | HP: 15/60 [gnoll sergeant/+0 spear (11)]
  5157 | D:6      | HP: 2/60 [gnoll sergeant/+0 spear (11)]
  5157 | D:6      | Mangled by a gnoll

Vanquished Creatures
  A black bear (D:4)
  2 ogres
  A bullfrog (D:6)
  4 scorpions
  A howler monkey (D:5)
  A jelly (D:6)
  3 hounds
  An orc priest (D:5)
  Jessica (D:3)
  3 iguanas
  4 adders
  6 gnolls
  An ufetubus (D:4)
  3 worms
  2 dart slugs
  12 orcs
  6 ball pythons
  9 endoplasms
  4 giant cockroaches
  9 goblins
  6 hobgoblins
  4 jackals (D:4)
  8 quokkas
  8 bats
  5 frilled lizards
  5 kobolds
  3 rats
113 creatures vanquished.

Table legend:
 A = Non-vault XP
 B = Vault XP
 C = Vault XP percentage of total XP
 D = Non-vault monster count
 E = Vault monster count
 F = Vault count percentage of total count
                 A         B        C        D         E       F
            +---------+---------+-------+---------+---------+-------
      Total |    1033 |     465 |  31.0 |      95 |      18 |  15.9
            +---------+---------+-------+---------+---------+-------
        D:1 |      49 |       4 |   7.5 |      29 |       2 |   6.5
        D:2 |      25 |      16 |  39.0 |       8 |       2 |  20.0
        D:3 |      21 |      37 |  63.8 |      11 |       1 |   8.3
        D:4 |     321 |     408 |  56.0 |      28 |      13 |  31.7
        D:5 |     420 |       0 |   0.0 |      14 |       0 |   0.0
        D:6 |     197 |       0 |   0.0 |       5 |       0 |   0.0
            +---------+---------+-------+---------+---------+-------

Illustrated notes

Table legend:
 A = Kills in this place as a percentage of kills in entire the game.
 B = Kills by you in this place as a percentage of kills by you in the entire game.
 C = Kills by friends in this place as a percentage of kills by friends in the entire game.
 D = Other kills in this place as a percentage of other kills in the entire game.
 E = Experience gained in this place as a percentage of experience gained in the entire game.
 F = Experience gained in this place divided by the number of levels of this place that you have seen.
                   A       B       C       D       E      F
               +-------+-------+-------+-------+-------+----------------------
         Total | 100.0 | 100.0 |   N/A |   N/A | 100.0 | 249.7
       Dungeon | 100.0 | 100.0 |   N/A |   N/A | 100.0 | 249.7
               +-------+-------+-------+-------+-------+----------------------

Table legend: (Time is in decaauts)
 A = Elapsed time spent in this place.
 B = Non-inter-level travel time spent in this place.
 C = Inter-level travel time spent in this place.
 D = Time resting spent in this place.
 E = Time spent auto-exploring this place.
 F = Levels seen in this place.
 G = Mean time per level.
                   A        B        C        D        E       F      G
               +--------+--------+--------+--------+--------+-----+--------+
         Total |   5129 |   5010 |    119 |      0 |   4262 |   6 |  854.8 |
       Dungeon |   5129 |   5010 |    119 |      0 |   4262 |   6 |  854.8 |
               +--------+--------+--------+--------+--------+-----+--------+

Top non-repeatable levels by time:
     D:1: 1435 daAuts
     D:4: 1088 daAuts
     D:3: 978 daAuts
     D:2: 894 daAuts
     D:5: 560 daAuts
     D:6: 172 daAuts
